AoeStats
← Gregory176144

Arabia

509814345Analyzed
1v1 RM · 5d ago on Sep 28, 2026· 28m 4s· 2 players
Game mode
Random Map
Map size
Tiny (2 player)
Population
200
Speed
Normal
Resources
Standard
Victory
Conquest
Starting age
Dark Age
Ending age
Imperial Age
RankedLock teamsTeams togetherTeam positionsShared explorationLock speedFull tech treeHidden civsTurbo modeCheats
Victory
Defeat
🇦🇷 Mongols · Argentina
1005
+55
🇨🇷 Maya · Costa Rica
1069
-19
Gregory176144
4:57 Loom
7:10 Feudal Age
11:23 Town Watch
14:43 Double-Bit Axe
14:50 Horse Collar
18:23 Wheelbarrow
20:47 Castle Age
22:10 Bow Saw
22:30 Fletching
24:25 Bodkin Arrow
24:41 Gold Mining
25:53 Padded Archer Armor
26:33 Gold Shaft Mining
27:36 Leather Archer Armor
minxtica
0:25 Loom
10:01 Feudal Age
14:14 Town Watch
16:00 Double-Bit Axe
18:50 Fletching
20:30 Man-at-Arms
26:51 Castle Age
27:45 Bow Saw
Connection lost

Rejoining the realm…

Still unreachable

The connection could not be restored.

Session expired

The server has moved on; the page needs a fresh start.